 Dungeon Crawl Stone Soup version 0.19-a0-812-g33f3bc8 (webtiles) character file.

2805 Implojin the Cleaver (level 9, 0/85 HPs)
             Began as a Minotaur Berserker on June 28, 2016.
             Was a Priest of Trog.
             Slain by a troll (7 damage)
             ... on level 9 of the Dungeon.
             The game lasted 00:11:35 (1753 turns).

Implojin the Cleaver (Minotaur Berserker)           Turns: 1753, Time: 00:11:35

Health: 0/85       AC:  8    Str: 22    XL:     9   Next: 44%
Magic:  8/8        EV:  8    Int:  4    God:    Trog [***...]
Gold:   133        SH:  0    Dex: 13    Spells: 0 memorised, 8 levels left

rFire  + . .     SeeInvis .     A - +0 war axe
rCold  . . .     Gourm    +     w - +0 chain mail {rF+}
rNeg   . . .     Faith    .     (no shield)
rPois  .         Spirit   .     (helmet restricted)
rElec  .         Dismiss  .     (no cloak)
rCorr  .         Reflect  .     (no gloves)
SustAt .         Harm     .     (no boots)
MR     .....                    B - amulet of the gourmand
Stlth  ..........               (no ring)
                                (no ring)

@: exhausted, slowed, very slow, not resistant to hostile enchantments,
extremely unstealthy
A: retaliatory headbutt, horns 2
a: Berserk, Trog's Hand, Burn Spellbooks, Renounce Religion


You were on level 9 of the Dungeon.
You worshipped Trog.
Trog was most pleased with you.
You were not hungry.

You visited 1 branch of the dungeon, and saw 9 of its levels.

You collected 183 gold pieces.
You spent 50 gold pieces at shops.

Inventory:

Hand Weapons
 a - a +0 hand axe
 v - a +0 hand axe
 A - a +0 war axe (weapon)
Missiles
 r - 2 tomahawks (quivered)
Armour
 b - a +0 animal skin
 l - a +2 robe of magic resistance
 o - a +0 chain mail
 w - a +0 chain mail of fire resistance (worn)
 y - a +0 ring mail
 C - a +0 plate armour
Jewellery
 B - an amulet of the gourmand (around neck)
Scrolls
 c - a scroll of fear {unknown}
 d - 2 scrolls of teleportation
 e - a scroll of noise
 f - a scroll of random uselessness
 g - a scroll of remove curse
 h - a scroll of identify {unknown}
 i - a scroll of fog {unknown}
 q - a scroll of amnesia {unknown}
 s - a scroll of immolation {unknown}
 t - a scroll of enchant armour {unknown}
Potions
 j - a potion of degeneration {unknown}
 k - a potion of curing {unknown}
 n - a potion of invisibility {unknown}
 u - a potion of haste {unknown}
 x - 2 potions of flight {unknown}
Comestibles
 m - 3 bread rations
 p - a meat ration
 z - 10 royal jellies
 D - a chunk of flesh


   Skills:
 * Level 9.6 Fighting
 - Level 12.8 Axes
 - Level 2.4 Armour
 - Level 2.1 Dodging


You had 8 spell levels left.
You didn't know any spells.

Dungeon Overview and Level Annotations

Branches:
Dungeon (9/15)
 Temple: D:4-7         Lair: D:8-11         Orc: D:9-12

Altars:
Yredelemnul

Shops:
D:8 %


Innate Abilities, Weirdness & Mutations

You reflexively headbutt those who attack you in melee.
You have a pair of horns on your head.


Message History

You feel sick.
You see here a killer bee corpse.
You feel sick.
You see here a killer bee corpse.
You feel sick.
Your skin stops crawling.
You feel less resistant to hostile enchantments.
You feel sick.
Things that are here:
a hound skeleton; a killer bee corpse x2
You feel sick.
You feel sick.
You feel sick.
Found a stone staircase leading down.
A troll comes into view.
You feel sick.
The troll shouts!
You see here a grey potion.
You feel sick.
You feel sick.
You see here a killer bee corpse.
You feel sick.
There is an open door here.
You feel sick. The troll closely misses you. You furiously retaliate!
You headbutt the troll. The troll claws you.
* * * LOW HITPOINT WARNING * * *
The troll claws you but does no damage.
Unknown command.
You feel sick.
You are no longer poisoned.
The troll bites you.
* * * LOW HITPOINT WARNING * * *
The troll claws you but does no damage. The troll barely misses you.
Okay, then.
The troll bites you.
* * * LOW HITPOINT WARNING * * *
The troll claws you!
* * * LOW HITPOINT WARNING * * *
The troll claws you!
You die...

#..#....# #..#....#
#######..'....#
.......†.#....#
######.÷†#....#
#...##...##
#....#....#
#....#...T#
.###'##....#.<.@#
.......!...#....#
......(....#....#
...........#....#
...........#....#
###........#....#
#........#....######
#......>.#.........#
#######..#.......(.#


You could see a troll.

Vanquished Creatures
  Pikel (D:4)
  The ghost of bza the Basher, a novice FoGl (D:7)
  4 slaves (D:4)
  An orc warrior (D:8)
  A sky beast (D:5)
  An eye of draining (D:8)
  An ogre (D:8)
  Blork the orc (D:4)
  2 giant frogs (D:8)
  A water moccasin zombie (D:9)
  A scorpion (D:5)
  6 killer bees (D:9)
  4 wights (D:7)
  A crimson imp (D:6)
  3 orc priests
  2 hounds
  3 jellies (D:8)
  5 orc wizards
  2 centaur skeletons
  A giant frog skeleton (D:6)
  A worker ant (D:5)
  4 gnolls
  3 adders
  A shadow imp (D:8)
  5 oozes (D:8)
  A giant gecko (D:4)
  10 orcs
  A ball python (D:2)
  A giant cockroach (D:2)
  2 goblins
  2 jackals (D:7)
  3 kobolds (D:2)
  A giant newt (D:1)
  A quokka zombie (D:5)
  6 rats
84 creatures vanquished.

Notes
Turn   | Place    | Note
--------------------------------------------------------------
     0 | D:1      | Implojin the Minotaur Berserker began the quest for the Orb.
     0 | D:1      | Reached XP level 1. HP: 19/19 MP: 0/0
    81 | D:1      | Reached skill level 4 in Axes
    81 | D:1      | Reached XP level 2. HP: 24/26 MP: 1/1
   358 | D:3      | Reached skill level 5 in Axes
   363 | D:3      | Reached XP level 3. HP: 24/31 MP: 2/2
   396 | D:4      | Noticed Pikel
   396 | D:4      | Noticed a slave
   396 | D:4      | Noticed a slave
   398 | D:4      | Noticed a slave
   402 | D:4      | Killed a slave
   408 | D:4      | Killed a slave
   413 | D:4      | Killed a slave
   415 | D:4      | Noticed a slave
   617 | D:4      | Killed a slave
   618 | D:4      | Killed Pikel
   618 | D:4      | Reached skill level 9 in Axes
   618 | D:4      | Reached XP level 4. HP: 21/39 MP: 3/3
   618 | D:4      | Reached XP level 5. HP: 24/45 MP: 4/4
   618 | D:4      | Reached XP level 6. HP: 27/51 MP: 5/5
   712 | D:4      | Noticed Blork the orc
   723 | D:4      | Killed Blork the orc
   723 | D:4      | Reached XP level 7. HP: 47/57 MP: 6/6
   772 | D:5      | Entered Level 5 of the Dungeon
   806 | D:5      | Reached ** piety under Trog
   849 | D:5      | Reached skill level 10 in Axes
  1033 | D:7      | Reached skill level 11 in Axes
  1045 | D:7      | Reached XP level 8. HP: 20/64 MP: 7/7
  1133 | D:6      | Found a basalt altar of Yredelemnul.
  1200 | D:7      | Noticed bza's ghost (novice FoGl)
  1226 | D:7      | Killed bza's ghost
  1226 | D:7      | Reached skill level 12 in Axes
  1291 | D:8      | Found Oceroosu's Food Shoppe.
  1300 | D:8      | Reached skill level 4 in Fighting
  1304 | D:8      | Bought a bread ration for 50 gold pieces
  1310 | D:8      | Reached skill level 5 in Fighting
  1385 | D:8      | Reached skill level 6 in Fighting
  1527 | D:8      | Reached *** piety under Trog
  1547 | D:8      | Reached XP level 9. HP: 37/78 MP: 2/8
  1548 | D:8      | Reached skill level 7 in Fighting
  1712 | D:9      | Reached skill level 8 in Fighting
  1722 | D:9      | Reached skill level 9 in Fighting
  1740 | D:9      | Noticed a troll
  1753 | D:9      | Slain by a troll

Vault maps used:
D:1:      dpeg_arrival_circle_labyrinth_c
D:2:      fedhas_altar_1
D:3:      first_bread, uniq_jessica
D:4:      uniq_blork_the_orc, uniq_pikel
D:6:      kennysheep_mini_moat
D:7:      serial_shops, shop, shop, shop,
          nicolae_dithmenos_through_a_glass_darkly, uniq_duvessa
D:8:      serial_shops, shop, hangedman_little_slice_of_home
D:9:      tgw_kikubaaqudgha

Skill      XL: |  1  2  3  4  5  6  7  8  9 |
---------------+----------------------------+-----
Axes           | 4 5 9 11 12 | 12.8
Fighting       | 6 9 |  9.6
Armour         | |  2.4
Dodging        | |  2.1

Action                   |  1- 3 |  4- 6 |  7- 9 || total
-------------------------+-------+-------+-------++-------
Melee: Hand axe          |    56 |     6 |   115 ||   177
       Headbutt          |     9 |       |    38 ||    47
       War axe           |       |       |    39 ||    39
Invok: Berserk           |     3 |     1 |     7 ||    11
       Trog's Hand       |       |       |     4 ||     4
       Burn Spellbooks   |       |       |     3 ||     3
  Use: Scroll            |       |       |     4 ||     4
 Stab: Sleeping          |       |       |     2 ||     2
  Eat: Chunk             |     1 |       |    12 ||    13
       Bread ration      |       |     1 |       ||     1
Armor: Animal skin       |    10 |     1 |       ||    11
       Robe              |       |       |    12 ||    12
       Chain mail        |       |       |    19 ||    19
Dodge: Dodged            |    32 |     2 |    55 ||    89

Table legend:
 A = Turns spent in this place as a percentage of turns spent in the entire game.
 B = Non-inter-level travel turns spent in this place as a percentage of non-inter-level travel turns spent in the entire game.
 C = Inter-level travel turns spent in this place as a percentage of turns spent in this place.
 D = Turns resting spent in this place as a percentage of non-inter-level travel turns spent in this place.
 E = Turns spent auto-exploring this place as a percentage of non-inter-level travel turns spent in this place.
 F = Non-inter-level travel turns spent in this place divided by the number of levels of this place that you've seen.
                   A       B       C       D       E      F
               +-------+-------+-------+-------+-------+----------------------
         Total | 100.0 | 100.0 |   0.0 |   1.4 |   0.0 | 166.4
       Dungeon | 100.0 | 100.0 |   0.0 |   1.4 |   0.0 | 166.4
               +-------+-------+-------+-------+-------+----------------------

Table legend:
 A = Kills in this place as a percentage of kills in entire the game.
 B = Kills by you in this place as a percentage of kills by you in the entire game.
 C = Kills by friends in this place as a percentage of kills by friends in the entire game.
 D = Other kills in this place as a percentage of other kills in the entire game.
 E = Experience gained in this place as a percentage of experience gained in the entire game.
 F = Experience gained in this place divided by the number of levels of this place that you have seen.
                   A       B       C       D       E      F
               +-------+-------+-------+-------+-------+----------------------
         Total | 100.0 | 100.0 |  -nan |  -nan | 100.0 | 445.3
       Dungeon | 100.0 | 100.0 |  -nan |  -nan | 100.0 | 445.3
               +-------+-------+-------+-------+-------+----------------------
